 Dungeon Crawl Stone Soup version 0.30.0-17-ge0270778cf (webtiles) character file.

Game seed: 13032305700513894509

243832 Farfigtubin the Malleable (level 19, -1/182 HPs)
             Began as a Merfolk Ice Elementalist on May 19, 2023.
             Was a High Priest of Cheibriados.
             Slain by Vv (11 damage)
             ... on level 2 of the Depths on May 22, 2023.
             The game lasted 08:32:25 (40979 turns).

Farfigtubin the Malleable (MfIE)                   Turns: 40979, Time: 08:32:25

Health: -1/182     AC: 35    Str: 27    XL:     19   Next: 43%
Magic:  14/33      EV: 44    Int: 34    God:    Cheibriados [*****.]
Gold:   1467       SH: 18    Dex: 31    Spells: 17/38 levels left

rFire   + + .        a - +0 trident (vamp)
rCold   + + .        w - +2 kite shield {reflect}
rNeg    + . .        N - melded +1 robe {Archmagi}
rPois   ∞            v - +0 helmet
rElec   +            y - +2 cloak {Will+}
rCorr   +            f - melded +2 pair of gloves
SInv    .            j - melded +0 pair of boots
Will    ++...        W - amulet of the acrobat
Stlth   +++          u - ring of fire
HPRegen 0.50/turn    x - ring "Wiryuded" {rC++ Str+6 Dex-3}
MPRegen 0.23/turn

%: reflection, acrobat
@: statue-form, resistant, acrobatic, very slow
A: slow and powerful, torment resistance 1, boosted hp, (nimble swimmer 2),
mertail, agile 1, poison resistance
}: 2/15 runes: decaying, serpentine
a: End Transformation, Renounce Religion, Bend Time, Temporal Distortion,
Slouch, Step From Time


You were on level 2 of the Depths.
You worshipped Cheibriados.
Cheibriados was extremely pleased with you.
You were a living statue of rough stone.
You visited 8 branches of the dungeon, and saw 35 of its levels.

You collected 3819 gold pieces.
You spent 2352 gold pieces at shops.

Inventory:

Hand Weapons
 a - a +0 vampiric trident (weapon)
 b - a +2 demon trident of pain
Missiles
 o - 19 boomerangs (quivered)
 r - 3 throwing nets
 K - 9 silver javelins
Armour
 f - a +2 pair of gloves (melded)
 j - a +0 pair of boots (melded)
 k - a +1 tower shield of reflection
 v - a +0 helmet (worn)
 w - a +2 kite shield of reflection (worn)
 y - a +2 cloak of willpower (worn)
 N - a +1 robe of the Archmagi (melded)
 O - a +2 robe of willpower
Jewellery
 d - the necklace of Bloodlust {Fury *Rage Will++ Int-3 Slay+6}
   (You found it on level 15 of the Dungeon)

   [amulet of nothing]

   Fury:      It extends the wearer's berserk rage when killing foes.
   Int:       It affects your intelligence (-3).
   Slay:      It affects your accuracy & damage with ranged weapons and melee
   (+6).
   *Rage:     It berserks you when you make melee attacks (+50% chance).
   Will:      It greatly increases your willpower.
 p - a ring of positive energy
 s - a ring of flight
 u - a ring of fire (left fist)
 x - the ring "Wiryuded" (right fist) {rC++ Str+6 Dex-3}
   (You acquired it on level 4 of the Lair of Beasts)

   [ring of strength]

   Str:       It affects your strength (+6).
   Dex:       It affects your dexterity (-3).
   rC:        It greatly protects you from cold.
 A - a ring of resist corrosion
 G - a ring of see invisible
 I - a ring of protection from cold
 W - an amulet of the acrobat (around neck)
Wands
 C - a wand of polymorph (30)
 H - a wand of acid (2)
 P - a wand of charming (33)
 T - a wand of digging (3)
 X - a wand of roots (31)
 Z - a wand of mindburst (46)
Scrolls
 g - 5 scrolls of teleportation
 i - 3 scrolls of fog
 m - 5 scrolls of poison
 t - 6 scrolls of fear
 B - 2 scrolls of magic mapping
 D - 4 scrolls of butterflies
 F - 6 scrolls of enchant armour
 J - 8 scrolls of blinking
 L - 5 scrolls of amnesia
Potions
 c - 2 potions of resistance
 e - 5 potions of berserk rage
 h - 12 potions of curing
 l - a potion of heal wounds
 n - 2 potions of mutation
 q - 2 potions of brilliance
 E - 2 potions of invisibility
 M - 2 potions of ambrosia
 Q - 2 potions of cancellation
 S - 6 potions of might
 V - 6 potions of lignification
 Y - a potion of attraction
Miscellaneous
 z - a lightning rod (4/4)
 R - a condenser vane
 U - a phantom mirror


   Skills:
 - Level 10.0 Fighting
 - Level 14.0 Polearms
 - Level 15.0 Dodging
 - Level 2.1 Stealth
 + Level 14.0 Shields
 - Level 10.1 Spellcasting
 + Level 13.1 Summonings
 - Level 21.0 Transmutations
 - Level 8.0 Ice Magic
 * Level 13.4 Invocations


You had 17 spell levels left.
You knew the following spells:

 Your Spells              Type           Power      Damage    Failure   Level
a - Freeze                Ice            100%       1d10      1%          1
b - Frozen Ramparts       Ice            100%       1d16      1%          3
d - Summon Ice Beast      Ice/Summ       73%        N/A       1%          4
e - Statue Form           Tmut/Erth      48%        N/A       8%          6
f - Wereblood             Tmut           100%       N/A       0%          2
g - Yara's Violent Unrav  Hex/Tmut       36%        3d15      1%          5

Your spell library contained the following spells:

 Spells                   Type           Power      Damage    Failure   Level
 Call Imp                 Summ           100%       N/A       1%          2
 Ensorcelled Hibernation  Hex/Ice        88%        N/A       1%          2
 Call Canine Familiar     Summ           82%        N/A       1%          3
 Ozocubu's Armour         Ice            64%        N/A       1%          3
 Ice Form                 Ice/Tmut       86%        N/A       1%          4
 Petrify                  Tmut/Erth      73%        N/A       1%          4
 Blade Hands              Tmut           51%        N/A       1%          5
 Irradiate                Conj/Tmut      36%        3d23      1%          5
 Hailstorm                Conj/Ice       44%        3d10      2%          3
 Apportation              Tloc           34%        N/A       3%          1
 Magic Dart               Conj           68%        1d6       3%          1
 Lesser Beckoning         Tloc           34%        N/A       6%          2
 Momentum Strike          Conj/Tloc      34%        3d8       6%          2
 Poisonous Vapours        Pois/Air       34%        N/A       6%          2
 Searing Ray              Conj           34%        2d5       6%          2
 Sublimation of Blood     Necr           17%        N/A       6%          2
 Summon Mana Viper        Hex/Summ       58%        N/A       7%          5
 Gell's Gravitas          Tloc           17%        N/A       12%         3
 Inner Flame              Hex/Fire       25%        N/A       12%         3
 Mephitic Cloud           Conj/Pois/Air  17%        N/A       12%         3
 Portal Projectile        Hex/Tloc       34%        N/A       12%         3
 Teleport Other           Tloc           17%        N/A       12%         3
 Tukima's Dance           Hex            17%        N/A       12%         3
 Monstrous Menagerie      Summ           41%        N/A       14%         7
 Summon Hydra             Summ           41%        N/A       14%         7
 Metabolic Englaciation   Hex/Ice        22%        N/A       21%         5
 Freezing Cloud           Conj/Ice/Air   17%        6-21      34%         5
 Flame Wave               Conj/Fire      25%        2d8       36%         4
 Fulminant Prism          Conj/Hex       8%         3d7       36%         4
 Leda's Liquefaction      Hex/Erth       8%         N/A       36%         4
 Passage of Golubria      Tloc           17%        N/A       36%         4
 Sticky Flame             Conj/Fire      25%        2d5       36%         4
 Ozocubu's Refrigeration  Ice            32%        4d14      77%         7
 Orb of Destruction       Conj           8%         9d6       100%        7


Dungeon Overview and Level Annotations

Branches:
Dungeon (15/15)            Temple (1/1) D:7            Lair (5/5) D:11
  Swamp (4/4) Lair:2        Snake (4/4) Lair:3        Slime (2/5) Lair:4
    Orc (2/2) D:12            Elf (0/3) Orc:2        Vaults (0/5) D:13
 Depths (2/4) D:15

Altars:
Ashenzari
Cheibriados
Dithmenos
Elyvilon
Fedhas
Gozag
Hepliaklqana
Kikubaaqudgha
Makhleb
Nemelex Xobeh
Okawaru
Qazlal
Ru
Sif Muna
Trog
Uskayaw
Vehumet
Wu Jian
Xom
Yredelemnul
Zin
The Shining One

Shops:
D:4 [   D:13 *   D:14 ([?:   Orc:2 :([(   Depths:1 *

Portals:
Hell: Depths:1 Depths:2
Abyss: D:6

Annotations:
D:6 2 transporters, Pooter's ghost, novice MiBe
D:11 1 runed translucent door
Lair:2 exclusion: oklob plant
Swamp:3 Aizul; Roxanne
Snake:2 2 transporters, exclusion: orange crystal statue
Depths:2 Vv


Innate Abilities, Weirdness & Mutations

You are a living statue of rough stone.
Your actions are slow, but your melee attacks are powerful.
You are resistant to unholy torment.
Your maximum health is greatly increased.
Your equipment is partially melded.
((You are very nimble when in or above water. (Stealth+, EV+, Speed+++)))
Your lower body shifts to a powerful aquatic tail in water.
You are agile. (Dex +4, Str/Int -1)
Your system is resistant to poisons. (rPois)


Message History

Vv freezes your ice beast.
Your ice beast completely resists.
Vv hits your ice beast!!
Your ice beast dies!
Your ice beast disappears in a puff of smoke!
The hell knight simulacrum completely resists.
The wall freezes the hell knight simulacrum but does no damage.
The hell knight simulacrum completely misses you.
The hell knight simulacrum completely resists.
The wall freezes the hell knight simulacrum but does no damage.
You block the hell knight simulacrum's attack.
You impale the hell knight simulacrum!!
The hell knight simulacrum is severely damaged.
The frozen ramparts melt away.
Vv calls freezing cold from the walls.
The frost grips you! You resist.
* * * LOW HITPOINT WARNING * * *
You are encased in ice.
You block the hell knight simulacrum's attack.
You step out of the flow of time.
You return to the normal time flow.
Cheibriados lowers the support of your attributes as your movement quickens. 2 deep trolls come into view.
The deep troll shouts! x2
Unknown command.
A deep troll earth mage comes into view.
The ice encasing you melts away.
The deep troll earth mage shouts!
The deep troll earth mage points at you and mumbles some strange words.
You shatter!!
* * * LOW HITPOINT WARNING * * *
The blast of rock fragments hits the deep troll!!
The deep troll completely misses you. x2; You block the deep troll's attack. x2
The deep troll claws you but does no damage.
The deep troll barely misses you.
The deep troll earth mage casts a spell next to Vv.
You hear a grinding noise.
The deep troll bites you but does no damage.
The deep troll barely misses you. The deep troll completely misses you.
Vv completely misses you. Vv hits you!
You die...

#.# #.# #.# #.#
#.#####
#######.....#
#......####.#
####.###..9T...#
#.∩#...#.8####.#
#..###.#)T.#
#..#<#.#..)..$...
#....#.#....#####
#.####...>..#
#......#....#
#########$### #..
##.


You could see Vv and 2 deep trolls.

Vanquished Creatures
  Vashnia (Snake:2)
  Mlioglotl (Snake:2)
  A lich (Depths:1)
  Frances (D:12)
  Donald (Snake:1)
  13 nagarajas (Snake:4)
  3 very ugly things (Depths:1)
  3 ghouls
  An ironbound preserver (D:13)
  A quicksilver ooze (Slime:2)
  3 stone giants (Depths:1)
  A bunyip (Swamp:2)
  4 eleionomae
  A shambling mangrove (Swamp:1)
  A great orb of eyes (Slime:2)
  10 hydras
  Harold (Lair:1)
  2 rakshasas
  An ice dragon (Depths:1)
  3 ghost crabs
  4 anacondas
  2 ogre magi (Orc:2)
  2 catoblepae
  2 boulder beetles
  6 centaur warriors
  7 death yaks
  13 naga warriors
  9 two-headed ogres
  8 alligators
  5 tengu warriors
  3 shock serpents
  A spriggan berserker (Swamp:4)
  15 naga sharpshooters
  4 hell knights (Depths:2)
  Urug (Lair:2)
  A sun demon (Depths:1)
  2 goliath frogs (Swamp:1)
  A skeletal warrior (D:13)
  2 deep trolls (Orc:2)
  2 naga ritualists (Snake:3)
  4 wizards
  6 bog bodies
  3 spriggan druids
  11 swamp dragons
  4 mana vipers
  A necromancer (Depths:2)
  An orc knight (Orc:1)
  An oklob plant (D:11)
  3 orc sorcerers
  7 salamanders
  15 ugly things
  3 cyclopes
  3 manticores
  A will-o-the-wisp (Swamp:4)
  16 black mambas
  8 elephants
  4 slime creatures
  2 centaur skeletons (D:15)
  An ice statue (D:15)
  4 cane toads
  A gargoyle (D:12)
  8 guardian serpents
  A torpor snail (Lair:4)
  19 naga magi
  4 komodo dragons
  3 unseen horrors
  A yaktaur (D:15)
  2 burning bushes (Lair:3)
  3 tengu conjurers
  5 trolls
  4 polar bears
  8 tyrant leeches
  A merfolk (shapeshifter) (D:15)
  6 blink frogs
  A wind drake (Lair:5)
  5 hornets
  A snapping turtle (Lair:5)
  2 shadows
  2 spriggans (Swamp:2)
  2 water elementals (Depths:1)
  2 wyverns
  27 yaks
  A wraith (D:14)
  A steam dragon (Lair:5)
  A basilisk (Lair:5)
  10 swamp worms
  9 vampire mosquitoes
  3 wargs
  40 nagas
  5 water moccasins
  7 swamp drakes
  A black bear (D:6)
  16 orc warriors
  3 sky beasts
  17 ogres
  9 centaurs
  4 phantoms
  Blork the orc (D:5)
  2 kobold brigands
  A gnoll sergeant (D:8)
  3 necrophages (Swamp:3)
  9 bullfrogs
  A scorpion (D:7)
  5 wights
  4 killer bees
  4 howler monkeys
  4 hounds
  15 orc priests
  A jelly (D:7)
  A sleepcap (D:7)
  4 iguanas
  27 orc wizards
  11 gnolls
  7 adders
  A shadow imp (D:7)
  An ufetubus (D:3)
  3 worms
  61 orcs
  8 endoplasms
  3 giant cockroaches
  5 goblins
  10 hobgoblins
  6 jackals
  6 quokkas
  3 ball pythons
  5 bats
  3 frilled lizards
  10 kobolds
  8 rats
709 creatures vanquished.

Vanquished Creatures (collateral kills)
  A thorn hunter (Swamp:4)
  A fenstrider witch (Swamp:3)
  A nagaraja (Snake:4)
  A balrug (Depths:1)
  A stone giant (Depths:1)
  3 very ugly things (Depths:1)
  A quicksilver ooze (Slime:1)
  3 eleionomae
  A fire dragon (Depths:1)
  3 hydras
  A ghost crab (Swamp:1)
  A rakshasa (Depths:1)
  A merfolk avatar (Lair:5)
  An anaconda (Snake:2)
  4 boulder beetles
  Fannar (Lair:2)
  A centaur warrior (D:13)
  5 naga warriors
  4 death yaks
  4 two-headed ogres
  2 tengu warriors (Depths:1)
  2 alligators (Swamp:4)
  A shock serpent (Snake:2)
  6 naga sharpshooters
  2 spriggans
  2 sun demons (Depths:1)
  A skyshark (Lair:5)
  A spriggan berserker (Swamp:4)
  5 bog bodies
  4 swamp dragons
  Lodul (D:10)
  3 naga ritualists
  A necromancer (D:15)
  6 mana vipers
  4 salamanders
  A deep elf pyromancer (D:15)
  11 ugly things
  A shining eye (Slime:1)
  An oklob plant (D:11)
  2 cyclopes
  Maurice (D:10)
  5 black mambas
  5 elephants (Lair:2)
  2 guardian serpents (Snake:4)
  4 cane toads
  A torpor snail (Lair:5)
  8 naga magi
  A gargoyle (D:13)
  A freezing wraith (D:15)
  2 rime drakes (Lair:5)
  A tengu conjurer (Depths:1)
  A komodo dragon (Lair:5)
  7 trolls
  4 polar bears
  2 wind drakes (Lair:5)
  A tyrant leech (Swamp:2)
  3 hornets
  6 blink frogs
  3 slime creatures
  2 water elementals (Depths:1)
  A wraith (D:11)
  23 yaks
  2 steam dragons
  5 vampire mosquitoes
  2 wargs (D:12)
  5 swamp worms
  2 basilisks
  13 nagas
  2 acid dragons
  A water moccasin (Lair:5)
  A floating eye (Orc:1)
  2 black bears
  2 orc warriors
  3 swamp drakes (Swamp:4)
  11 ogres
  2 centaurs (D:15)
  A bullfrog (Lair:1)
  A necrophage (Swamp:2)
  3 wights
  3 killer bees (D:10)
  6 orc priests
  A boggart zombie (D:15)
  2 orc wizards
  A boggart skeleton (D:15)
  A boggart simulacrum (D:11)
  A gnoll (D:8)
  7 orcs
  A kobold (D:10)
261 creatures vanquished.

Vanquished Creatures (others)
  A bunyip (Swamp:4)
  A rakshasa (Depths:1)
  A naga warrior (Snake:4)
  A naga sharpshooter (Snake:2)
  A bloated husk (Swamp:2)
  A tyrant leech (Swamp:3)
  A swamp worm (Swamp:3)
  2 foxfires (Swamp:4)
  A spectral weapon (Swamp:3)
10 creatures vanquished.

Grand Total: 980 creatures vanquished

Notes
Turn   | Place    | Note
-------+----------+-------------------------------------------
     0 | D:1      | Farfigtubin the Merfolk Ice Elementalist began the quest
                  | for the Orb.
     0 | D:1      | Reached XP level 1. HP: 13/13 MP: 3/3
   268 | D:1      | Found a faded altar of an unknown god.
   280 | D:1      | Prayed at the altar of an unknown god.
   280 | D:1      | Became a worshipper of Cheibriados the Contemplative
   280 | D:1      | Reached * piety under Cheibriados
   338 | D:1      | Reached XP level 2. HP: 19/19 MP: 3/5
   701 | D:2      | Reached ** piety under Cheibriados
   705 | D:2      | Reached skill level 5 in Ice Magic
   735 | D:2      | Reached XP level 3. HP: 23/24 MP: 0/6
   984 | D:2      | Reached skill level 1 in Invocations
  1093 | D:2      | Reached XP level 4. HP: 23/30 MP: 5/7
  1329 | D:3      | Reached *** piety under Cheibriados
  1455 | D:3      | Learned a level 3 spell: Frozen Ramparts
  1619 | D:3      | Reached XP level 5. HP: 29/35 MP: 4/9
  1946 | D:3      | Found a glowing silver altar of Zin.
  1948 | D:3      | Noticed an angel
  1958 | D:3      | Found a shimmering altar of Xom.
  2051 | D:3      | Reached XP level 6. HP: 21/41 MP: 4/10
  2052 | D:3      | Reached **** piety under Cheibriados
  2925 | D:4      | Reached XP level 7. HP: 40/46 MP: 9/12
  3657 | D:4      | Found Pareriep's Antique Armour Shoppe.
  3807 | D:4      | Bought a runed cloak for 165 gold pieces
  3847 | D:5      | Entered Level 5 of the Dungeon
  4358 | D:5      | Noticed Blork the orc
  4410 | D:5      | Reached skill level 1 in Fighting
  4423 | D:5      | Reached skill level 1 in Summonings
  4423 | D:5      | Reached XP level 8. HP: 56/56 MP: 7/14
  4506 | D:5      | Found an iron altar of Okawaru.
  4591 | D:5      | Killed Blork the orc
  4969 | D:6      | Reached ***** piety under Cheibriados
  5036 | D:6      | Found a shimmering blue altar of Sif Muna.
  5096 | D:6      | Found a transporter.
  5097 | D:6      | Noticed a small abomination
  5108 | D:6      | Noticed a toenail golem
  5112 | D:6      | Found a one-way gate to the infinite horrors of the Abyss.
  5112 | D:6      | Found a transporter.
  5112 | D:6      | Noticed Pooter's ghost (novice MiBe)
  5135 | D:6      | Noticed a toenail golem
  5416 | D:6      | Reached skill level 5 in Spellcasting
  5418 | D:6      | Noticed a komodo dragon
  5474 | D:6      | Learned a level 3 spell: Ozocubu's Armour
  5515 | D:6      | Learned a level 4 spell: Summon Ice Beast
  5724 | D:7      | Reached skill level 5 in Fighting
  5778 | D:7      | Reached XP level 9. HP: 51/68 MP: 10/17
  6162 | D:7      | Found a staircase to the Ecumenical Temple.
  6171 | Temple   | Entered the Ecumenical Temple
  6257 | D:7      | Killed an unseen horror
  7704 | D:8      | Reached skill level 5 in Summonings
  7988 | D:8      | Reached skill level 1 in Shields
  7988 | D:8      | Reached XP level 10. HP: 40/80 MP: 8/19
  8260 | D:8      | Found a basalt altar of Yredelemnul.
  8397 | D:8      | Reached skill level 5 in Dodging
  8970 | D:9      | Noticed a two-headed ogre
  8981 | D:9      | Killed a two-headed ogre
  9460 | D:9      | Found a stormy altar of Qazlal.
  9551 | D:9      | Killed an unseen horror
 10057 | D:10     | Entered Level 10 of the Dungeon
 10212 | D:10     | Reached XP level 11. HP: 86/86 MP: 14/22
 10219 | D:10     | Noticed Lodul
 10239 | D:10     | Killed Lodul
 10250 | D:10     | Reached skill level 10 in Dodging
 10330 | D:10     | Noticed Maurice
 10332 | D:10     | Reached ****** piety under Cheibriados
 10343 | D:10     | Reached skill level 5 in Shields
 10480 | D:10     | Killed Maurice
 11784 | D:11     | Found a runed translucent door.
 11789 | D:11     | Noticed a sixfirhy
 11839 | D:11     | Noticed a boulder beetle
 11865 | D:11     | Killed a boulder beetle
 11866 | D:11     | Reached skill level 5 in Invocations
 12040 | D:11     | Found a staircase to the Lair.
 12041 | D:11     | Noticed an oklob plant
 12041 | D:11     | Noticed a two-headed ogre
 12048 | D:11     | Killed a two-headed ogre
 12118 | D:11     | Noticed an oklob plant
 12447 | D:11     | Killed an oklob plant
 12461 | D:11     | Killed an oklob plant
 12518 | Lair:1   | Entered Level 1 of the Lair of Beasts
 12569 | Lair:1   | Reached XP level 12. HP: 92/92 MP: 14/25
 12666 | Lair:1   | Noticed Harold
 12680 | Lair:1   | Killed Harold
 12821 | Lair:1   | Found a basalt altar of Yredelemnul.
 13486 | Lair:2   | Identified the +4 spear "Leviticus" {vamp, rN+}
 13527 | Lair:2   | Noticed a death yak
 13528 | Lair:2   | Noticed a death yak
 13530 | Lair:2   | Noticed a death yak
 13534 | Lair:2   | Noticed a death yak
 13534 | Lair:2   | Noticed a death yak
 13534 | Lair:2   | Noticed a death yak
 13910 | Lair:2   | Noticed a six-headed hydra
 13919 | Lair:2   | Killed a six-headed hydra
 13920 | Lair:2   | Reached skill level 10 in Spellcasting
 13967 | Lair:2   | Upgraded the game from 0.30.0-15-g856e2d3f33 to
                  | 0.30.0-16-gbe6223bb7e
 14075 | Lair:2   | Noticed Fannar
 14094 | Lair:2   | Killed Fannar
 14095 | Lair:2   | Reached skill level 1 in Transmutations
 14162 | Lair:2   | Reached skill level 2 in Transmutations
 14170 | Lair:2   | Reached skill level 10 in Invocations
 14413 | Lair:2   | Reached skill level 3 in Transmutations
 14591 | Lair:2   | Reached XP level 13. HP: 79/98 MP: 17/27
 14791 | Lair:2   | Reached skill level 4 in Transmutations
 14929 | Lair:3   | Reached skill level 1 in Polearms
 15060 | Lair:2   | Reached skill level 5 in Transmutations
 15159 | Lair:2   | Reached skill level 6 in Transmutations
 15250 | Lair:3   | Found a staircase to the Snake Pit.
 16097 | Lair:4   | Reached skill level 7 in Transmutations
 16650 | Lair:4   | Reached skill level 8 in Transmutations
 16883 | Lair:4   | Found a staircase to the Slime Pits.
 16930 | Lair:4   | Reached skill level 5 in Polearms
 17108 | Lair:5   | Entered Level 5 of the Lair of Beasts
 17314 | Lair:5   | Reached skill level 9 in Transmutations
 17574 | Lair:5   | Identified the +0 leather armour of the Everdark {rN+ MP+9}
 17731 | Lair:5   | Reached skill level 10 in Transmutations
 17974 | Lair:5   | Reached XP level 14. HP: 99/105 MP: 18/28
 18111 | Lair:5   | Reached skill level 11 in Transmutations
 18922 | Lair:2   | Reached skill level 12 in Transmutations
 19077 | Lair:2   | Found a staircase to the Swamp.
 19113 | Lair:2   | Noticed Urug
 19130 | Lair:2   | Killed Urug
 19649 | D:12     | Reached skill level 13 in Transmutations
 19654 | D:12     | Identified the +2 leather armour of the Arcane {rPois
                  | Regen+}
 19701 | D:12     | Found a staircase to the Orcish Mines.
 19839 | D:12     | Noticed Frances
 19849 | D:12     | Killed Frances
 20287 | Orc:1    | Entered Level 1 of the Orcish Mines
 20471 | D:13     | Found Piplorechu's General Store.
 20482 | D:13     | Bought a scroll of immolation for 56 gold pieces
 20482 | D:13     | Bought an amulet of the acrobat for 420 gold pieces
 20482 | D:13     | Bought a potion of mutation for 112 gold pieces
 20676 | D:13     | Reached skill level 14 in Transmutations
 20778 | D:13     | Noticed an ironbound preserver
 20790 | D:13     | Killed an ironbound preserver
 20854 | D:13     | Found a gate to the Vaults.
 20968 | D:13     | Reached skill level 10 in Polearms
 21087 | D:13     | Reached XP level 15. HP: 110/110 MP: 23/29
 21612 | D:14     | Found Deha's Magic Scroll Shop.
 21612 | D:14     | Found Pyarumetz's Antique Armour Shop.
 21612 | D:14     | Found Edaylaqe's Weapon Shop.
 21614 | D:14     | Bought a scroll of identify for 28 gold pieces
 21895 | D:14     | Bought a glowing robe for 96 gold pieces
 21978 | D:14     | Reached skill level 15 in Transmutations
 22230 | D:14     | Found an iron altar of Okawaru.
 22389 | D:14     | Learned a level 6 spell: Statue Form
 22602 | D:14     | Found Bezupsat's Tiny Tomes.
 22610 | D:14     | Bought Biava's Volume of the Singularity for 56 gold pieces
 22788 | D:15     | Entered Level 15 of the Dungeon
 23368 | D:15     | Found a staircase to the Depths.
 23422 | D:15     | Found the necklace of Bloodlust {Fury *Rage Will++ Int-3
                  | Slay+6}
 23620 | D:15     | Reached skill level 16 in Transmutations
 24731 | Orc:1    | Paralysed by an orc sorcerer for 3 turns
 24919 | Orc:1    | Reached skill level 17 in Transmutations
 25025 | Orc:1    | Paralysed by a floating eye for 3 turns
 25031 | Orc:1    | Paralysed by an orc sorcerer for 2 turns
 25411 | Orc:2    | Entered Level 2 of the Orcish Mines
 25681 | Orc:2    | Found a staircase to the Elven Halls.
 25766 | Orc:2    | Reached skill level 15 in Dodging
 25766 | Orc:2    | Paralysed by an ogre mage for 3 turns
 25815 | Orc:2    | Reached XP level 16. HP: 117/117 MP: 2/30
 25949 | Orc:2    | Reached skill level 18 in Transmutations
 26184 | Orc:2    | Found Taomp's Weapon Boutique.
 26185 | Orc:2    | Found Lemuk's Armour Shop.
 26190 | Orc:2    | Found Ymuehef's Weapon Shoppe.
 26199 | Orc:2    | Found Cepunash's Book Boutique.
 26320 | Orc:2    | Learned a level 2 spell: Wereblood
 26689 | Lair:2   | Upgraded the game from 0.30.0-16-gbe6223bb7e to
                  | 0.30.0-17-ge0270778cf
 26693 | Swamp:1  | Entered Level 1 of the Swamp
 28319 | Swamp:2  | Reached skill level 10 in Shields
 29581 | Swamp:4  | Entered Level 4 of the Swamp
 29655 | Swamp:4  | Noticed a fenstrider witch
 29656 | Swamp:4  | Paralysed by a fenstrider witch for 5 turns
 29670 | Swamp:3  | Killed a fenstrider witch
 29835 | Swamp:3  | Noticed Roxanne
 29844 | Swamp:3  | Noticed Aizul
 30042 | Swamp:4  | Reached XP level 17. HP: 122/122 MP: 19/31
 30451 | Swamp:3  | Learned a level 5 spell: Yara's Violent Unravelling
 30927 | Swamp:4  | Got a decaying rune of Zot
 31079 | Snake:1  | Entered Level 1 of the Snake Pit
 31692 | Snake:1  | Noticed Donald
 31701 | Snake:1  | Killed Donald
 32971 | Snake:2  | Reached skill level 10 in Summonings
 33286 | Snake:2  | Found a transporter.
 33286 | Snake:2  | Found a transporter.
 33299 | Snake:2  | Noticed Vashnia
 33299 | Snake:2  | Noticed Mlioglotl
 33316 | Snake:2  | Killed Mlioglotl
 33320 | Snake:2  | Reached skill level 10 in Fighting
 33359 | Snake:2  | Killed Vashnia
 34089 | Snake:3  | Reached XP level 18. HP: 134/134 MP: 11/32
 35103 | Snake:3  | Identified a scroll of acquirement
 35107 | Snake:3  | Acquired Sif Muna's Folio of Hurtful Hail
 35201 | Snake:4  | Entered Level 4 of the Snake Pit
 36772 | Snake:4  | Reached skill level 19 in Transmutations
 38276 | Snake:4  | Reached skill level 20 in Transmutations
 38428 | Snake:4  | Got a serpentine rune of Zot
 38895 | Lair:4   | Acquired the ring "Wiryuded" {rC++ Str+6 Dex-3}
 39081 | Slime:1  | Entered Level 1 of the Pits of Slime
 39083 | Slime:1  | Gained mutation: You occasionally lose the ability to read
                  | scrolls when taking damage. [a shining eye]
 39085 | Slime:1  | Gained mutation: You occasionally lose the ability to drink
                  | potions when taking damage. [a shining eye]
 39088 | Slime:1  | Lost mutation: You occasionally lose the ability to drink
                  | potions when taking damage. [potion of mutation]
 39088 | Slime:1  | Lost mutation: You occasionally lose the ability to read
                  | scrolls when taking damage. [potion of mutation]
 39088 | Slime:1  | Gained mutation: You are strong-willed. (Will+) [potion of
                  | mutation]
 39088 | Slime:1  | Gained mutation: You occasionally lose the ability to drink
                  | potions when taking damage. [potion of mutation]
 39088 | Slime:1  | Gained mutation: You have a beak for a mouth. [potion of
                  | mutation]
 39089 | Slime:1  | Lost mutation: You have a beak for a mouth. [potion of
                  | mutation]
 39089 | Slime:1  | Lost mutation: You are strong-willed. (Will+) [potion of
                  | mutation]
 39089 | Slime:1  | Lost mutation: You occasionally lose the ability to drink
                  | potions when taking damage. [potion of mutation]
 39089 | Slime:1  | Gained mutation: You are agile. (Dex +4, Str/Int -1)
                  | [potion of mutation]
 39089 | Slime:1  | Gained mutation: You have hidden genetic defects. [potion
                  | of mutation]
 39089 | Slime:1  | Lost mutation: You have hidden genetic defects. [potion of
                  | mutation]
 39089 | Slime:1  | Gained mutation: Your system is resistant to poisons.
                  | (rPois) [potion of mutation]
 39157 | Slime:1  | Reached XP level 19. HP: 140/140 MP: 25/33
 39509 | Depths:1 | Entered Level 1 of the Depths
 39521 | Depths:1 | Found a shadowy altar of Dithmenos.
 39754 | Depths:1 | Found Big Baal Hell's Store.
 39998 | Depths:1 | Found a gateway to Hell.
 40001 | Depths:1 | Bought a +2 cloak of willpower for 1419 gold pieces
 40618 | Depths:1 | Reached skill level 21 in Transmutations
 40777 | Depths:1 | Found a white marble altar of Elyvilon.
 40955 | Depths:2 | Noticed Vv
 40979 | Depths:2 | Slain by Vv

Illustrated notes

Levels and vault maps discovered:
D:1:      co_arrival_random_square_maze, layout_loops_cross,
          hellmonk_ecumenical_altar_pennies_from_heaven
D:2:      layout_rooms, small_statue_intersection
D:3:      minmay_chambers_of_twos, layout_loops_corners,
          grunt_temple_overflow_order_and_chaos_1, minmay_fractal_squares_5
D:4:      layout_basic, serial_shops, shop
D:5:      layout_basic, lemuel_round_altar, uniq_blork_the_orc
D:6:      layout_cave_pods, mainiacjoe_overflow_alcove_4,
          gammafunk_ghost_abyssal_escape
D:7:      layout_rooms, minmay_temple_entry_statues_fountains,
          serial_co_window_serial, co_window_of_opportunity_a,
          co_window_corner_a, co_window_paths_a, co_window_paths_a,
          co_window_cross_1, co_window_of_opportunity_a,
          co_window_unsneaky_path_b, co_window_broadway_c, co_window_corner_cb,
          co_window_broadway_b, co_window_corner_b, glass_columns_b,
          glass_columns_a, glass_columns_b, glass_columns_a
D:8:      layout_rooms, mainiacjoe_overflow_brackets
D:9:      layout_layer_cave, nicolae_qazlal_eye_of_the_storm, st_stairs_3,
          kennysheep_generic_room_9
D:10:     layout_basic, uniq_maurice, uniq_lodul
D:11:     cheibrodos_shockbox, layout_rooms, dpeg_oklobed_lair
D:12:     layout_basic, minmay_orc_entry_guard_dogs, uniq_frances
D:13:     layout_small_grid, skrybe_vaults_entry_preservation, serial_rivers,
          chequers_serial_rivers_small_a, chequers_serial_rivers_small_b,
          chequers_serial_rivers_room_b, chequers_serial_rivers_room_b,
          serial_shops, shop
D:14:     layout_basic, minmay_tree_intersection,
          nicolae_shop_i_like_small_books_too,
          nicolae_shop_distant_corner_stores, okawaru_gym_becter
D:15:     grunt_enter_depths_magical_seal, layout_basic, hangedman_decor_push,
          portal_ice_cave_entry_ice_statue_one, kennysheep_doodads
Temple:   nicolae_temple_x_marks_the_god
Lair:1:   layout_chaotic_city, basic_altar, uniq_harold
Lair:2:   layout_regular_city, minmay_swamp_entry_worms, uniq_urug, uniq_fannar
Lair:3:   layout_roguey, guppyfry_snake_entry_island, evilmike_ambush
          [evilmike_ambush_outer_pillars, evilmike_ambush_inner_cross]
Lair:4:   layout_regular_city, dpeg_slime_entry_enclosed, beast_lair_carwin_9,
          serial_bayou_shore_a
Lair:5:   gammafunk_lair_ancient_temple, layout_regular_city
Swamp:1:  layout_basic_swamp, evilmike_swamp_ruin_house_2, swamp_pool4
Swamp:2:  layout_falls_marsh, serial_swamp_ruin, evilmike_swamp_ruin_house_3,
          evilmike_swamp_ruin_rubble_2, swamp_pool3
Swamp:3:  layout_basic_swamp, hangedman_swamp_ruin_wall, st_shrine_of_shade,
          uniq_aizul, uniq_roxanne
Swamp:4:  swamp_basic_johnstein, layout_basic_swamp
Snake:1:  layout_misc_corridors, uniq_donald
Snake:2:  gammafunk_sealed_arena, layout_onion_interference, uniq_vashnia,
          uniq_mlioglotl
Snake:3:  layout_cave_pods
Snake:4:  grunt_snake_rune_spirals, layout_onion_interference, st_stairs_8,
          nicolae_snake_mages_go_home
Slime:1:  layout_caves
Slime:2:  layout_caves
Orc:1:    hellmonk_paralyzer, layout_caves, basic_altar
Orc:2:    st_orc_open, layout_diamond_mine
Depths:1: layout_cave_pools, elyvilon_altar_3, nicolae_hell_entry_big_baal_hell,
          grunt_dithmenos_smoke_and_mirrors
Depths:2: minmay_skeleton_keep, layout_basic, rand_demon_pan_entry_3,
          xom_teletrap_fun, hell_entry, nicolae_uskayaw_dance_hall,
          uniq_josephina, uniq_vv

Skill      XL: |  1  2  3  4  5  6  7  8  9 10 11 12 13 14 15 16 17 18 19 |
---------------+----------------------------------------------------------+-----
Ice Magic      | 5 6 7 8 |  8.0
Invocations    | 1 2 3 4 7 10 13 | 13.4
Spellcasting   | 3 4 5 6 7 9 10 | 10.1
Fighting       | 2 5 8 10 | 10.0
Summonings     | 1 3 5 6 10 12 13 | 13.1
Dodging        | 3 9 10 11 13 15 | 15.0
Shields        | 1 4 7 8 9 10 12 13 14 | 14.0
Transmutations | 3 10 14 17 18 20 21 | 21.0
Polearms       | 6 10 12 14 | 14.0
Stealth        | |  2.1

Action                     |  1- 3 |  4- 6 |  7- 9 | 10-12 | 13-15 | 16-18 | 19-21 || total
---------------------------+-------+-------+-------+-------+-------+-------+-------++-------
  Melee: Spear             |    42 |    46 |    33 |       |       |       |       ||   121
         Trident           |       |       |    50 |   190 |   634 |  1210 |   214 ||  2298
         Punch             |       |       |     1 |     1 |       |       |       ||     2
         Tailslap          |       |       |       |       |     3 |     5 |       ||     8
  Throw: Stone             |       |    13 |     5 |     4 |       |       |       ||    22
         Dart              |       |     2 |    13 |    10 |    11 |     2 |       ||    38
         Boomerang         |       |       |    13 |    14 |    53 |   104 |    12 ||   196
         Throwing net      |       |       |     1 |       |       |       |       ||     1
         Javelin           |       |       |       |       |     1 |    18 |     4 ||    23
   Cast: Freeze            |    42 |    55 |    55 |    22 |    10 |       |       ||   184
         Frozen Ramparts   |       |    15 |    43 |    72 |   146 |   124 |    18 ||   418
         Summon Ice Beast  |       |       |     7 |    59 |   136 |   205 |    25 ||   432
         Ozocubu's Armour  |       |       |     5 |    48 |    90 |     6 |       ||   149
         Statue Form       |       |       |       |       |    24 |   226 |    37 ||   287
         Wereblood         |       |       |       |       |       |     5 |       ||     5
         Yara's Violent Un |       |       |       |       |       |     1 |       ||     1
 Invoke: Slouch            |       |       |       |       |     3 |    13 |     2 ||    18
         Step From Time    |       |       |       |       |     1 |       |     1 ||     2
  Evoke: Wand              |       |       |       |     8 |    24 |    18 |     4 ||    54
         Lightning rod     |       |       |       |       |     2 |     4 |       ||     6
    Use: Scroll            |       |       |     5 |     5 |    21 |     9 |     2 ||    42
         Potion            |       |       |     4 |     3 |     3 |     4 |     3 ||    17
   Stab: Sleeping          |     9 |     5 |     6 |     3 |     3 |     1 |       ||    27
         Distracted        |     1 |     1 |       |    10 |    13 |    35 |     8 ||    68
 Armour: Robe              |    10 |    13 |    59 |    65 |   135 |     7 |       ||   289
         Skin              |       |       |       |     2 |    49 |   467 |    64 ||   582
  Dodge: Dodged            |    28 |    41 |   101 |   224 |   941 |  1835 |   221 ||  3391
  Block: Buckler           |       |       |       |    88 |   472 |   791 |       ||  1351
         Kite shield       |       |       |       |       |       |    45 |   237 ||   282
         Reflection        |       |       |       |       |       |     1 |     1 ||     2
